Map: Radhuset Station LE

Players

Subwayeatn - Winner!

  • Race: Zerg Zerg
  • League: Platinum
  • Spawn Location: 7:00

MagicTurtle

  • Race: Zerg Zerg
  • League: Platinum
  • Spawn Location: 1:00

VOD

Have the link to the VOD?

Description

Time

  • Played on: Oct. 22, 2023, 3:45 p.m.
  • Length: 20:25
Show
View Real Time Build Order
Export as new Build Order

Subwayeatn Zerg - Winner!

Build Orders: Hatch First 

Get SALT Encoding   

  12  0:00  Drone  
  13  0:12  Overlord  
  13  0:17  Drone  
  14  0:30  Drone x2  
  16  0:49  Hatchery  
  15  0:53  Drone  
  15  0:56  Drone  
  17  1:03  Drone  
  18  1:15  Spawning Pool  
  18  1:18  Extractor  
  16  1:19  Drone  
  16  1:22  Drone  
  18  1:38  Drone  
  19  1:48  Drone  
  19  1:50  Overlord  
  20  1:59  Drone  
  21  2:01  Queen  
  23  2:09  Spine Crawler  
  23  2:11  Zergling x4  
  23  2:12  Spine Crawler  
  23  2:16  Zergling x2  
  24  2:23  Queen  
  26  2:40  Zergling x8  
  27  2:48  Zergling x4  
  22  3:13  Queen  
  22  3:16  Metabolic Boost  
  24  3:23  Drone x3  
  27  3:48  Queen  
  27  3:50  Drone x6  
  35  3:58  Overlord  
  35  4:03  Overlord  
  34  4:14  Drone  
  34  4:15  Drone  
  36  4:18  Extractor  
  36  4:19  Extractor, Lair  
  34  4:27  Drone x5  
  34  4:28  Extractor  
  38  4:42  Drone x4  
  42  4:52  Overlord  
  42  4:56  Zergling x2  
  43  5:08  Evolution Chamber  
  43  5:11  Overlord  
  42  5:14  Overlord  
  42  5:21  Spire  
  42  5:22  Drone x7  
  42  5:23  Drone  
  48  5:57  Baneling Nest  
  48  5:58  Overseer  
  48  6:02  Zerg Ground Armor Level 1  
  47  6:06  Overlord x2  
  47  6:15  Drone  
  47  6:17  Overlord  
  48  6:20  Drone x8  
  56  6:34  Hatchery  
  56  6:39  Zerg Flyer Armor Level 1  
  55  6:41  Centrifugal Hooks  
  55  6:45  Mutalisk  
  55  6:46  Mutalisk x5  
  67  6:54  Overseer  
  67  7:06  Mutalisk  
  67  7:07  Mutalisk x2  
  73  7:20  Overlord x2  
  73  7:21  Overlord x2  
  73  7:37  Zergling x2  
  73  7:38  Zergling x10  
  79  7:49  Queen  
  81  7:51  Mutalisk  
  81  7:52  Mutalisk x5  
  93  8:09  Overlord  
  93  8:19  Zergling x22  
  104  8:23  Extractor  
  104  8:24  Extractor  
  102  8:36  Drone x3  
  102  8:40  Zerg Flyer Armor Level 2  
  92  9:11  Zergling x28  
  98  9:22  Queen  
  92  9:26  Drone  
  92  9:27  Drone x2  
  92  9:28  Zerg Ground Armor Level 2  
  88  9:33  Zergling x4  
  81  9:47  Drone x5  
  86  9:55  Infestation Pit  
  85  10:08  Drone x8  
  85  10:12  Queen  
  95  10:20  Baneling  
  95  10:21  Baneling x16  
  93  10:27  Mutalisk  
  93  10:28  Mutalisk x5  
  101  10:34  Hive  
  105  10:38  Overlord  
  103  10:48  Zergling x4  
  105  10:50  Overlord x4  
  105  10:51  Overlord  
  105  10:59  Drone x5  
  110  11:04  Hatchery  
  110  11:07  Extractor  
  110  11:08  Extractor  
  95  11:28  Zergling x2  
  95  11:29  Zergling x22  
  105  11:48  Mutalisk x6  
  105  12:09  Zerg Flyer Armor Level 3  
  105  12:11  Mutalisk  
  105  12:12  Mutalisk x5  
  117  12:29  Zergling x2  
  118  12:32  Ultralisk Cavern  
  118  12:36  Infestor x2  
  119  12:37  Infestor x2  
  125  12:46  Drone  
  125  12:48  Drone x3  
  125  12:49  Drone x3  
  125  12:51  Drone x7  
  139  13:08  Overseer x2  
  139  13:17  Queen  
  141  13:20  Zerg Ground Armor Level 3  
  141  13:29  Chitinous Plating  
  141  13:32  Overlord x2  
  141  13:33  Overlord x6  
  141  13:35  Overseer x2  
  141  13:46  Baneling  
  141  13:47  Baneling x11  
  141  13:48  Baneling x6  
  139  13:52  Pneumatized Carapace  
  139  13:56  Drone x6  
  139  13:57  Drone x5  
  150  14:07  Hatchery  
  149  14:38  Ultralisk x4  
  173  14:46  Zerg Flyer Weapons Level 1  
  173  14:48  Anabolic Synthesis  
  121  15:12  Zergling x2  
  121  15:13  Zergling x30  
  129  15:31  Zergling x2  
  129  15:32  Zergling x10  
  129  15:34  Baneling x3  
  129  15:35  Baneling x6  
  135  15:38  Zergling x2  
  136  15:46  Mutalisk  
  136  15:47  Mutalisk x5  
  148  15:51  Zergling x2  
  148  15:52  Zergling x28  
  152  16:07  Queen  
  151  16:13  Queen  
  151  16:16  Ultralisk x2  
  151  16:17  Ultralisk  
  152  16:26  Adrenal Glands  
  152  16:27  Zerg Melee Weapons Level 1  
  152  16:31  Evolution Chamber  
  151  16:33  Drone x2  
  153  16:43  Drone x4  
  153  16:44  Drone x2  
  159  16:51  Zergling x24  
  171  16:57  Extractor  
  171  16:58  Extractor  
  171  17:00  Hatchery  
  168  17:12  Overlord x2  
  168  17:17  Overseer x2  
  168  17:29  Mutalisk x3  
  147  17:39  Zergling x24  
  148  17:51  Zergling x10  
  146  18:06  Zergling x2  
  146  18:07  Zergling x14  
  144  18:25  Ultralisk x4  
  144  18:26  Ultralisk x2  
  173  18:37  Zergling x8  
  175  18:44  Mutalisk x3  
  177  18:48  Overlord x2  
  177  18:49  Overlord x3  
  177  18:54  Zergling x4  
  179  19:02  Overlord x4  
  177  19:03  Queen  
  177  19:06  Spore Crawler  
  177  19:15  Mutalisk  
  177  19:16  Mutalisk x11  
  198  19:38  Zergling x6  
  197  20:12  Extractor x2  
Show
View Real Time Build Order
Export as new Build Order

MagicTurtle Zerg 

Build Orders: Pool First, Roach Hydra 

Get SALT Encoding   

  12  0:00  Drone  
  13  0:07  Drone  
  14  0:26  Spawning Pool  
  13  0:28  Drone  
  14  0:37  Overlord  
  14  1:01  Hatchery  
  13  1:04  Drone  
  14  1:13  Zergling x4  
  14  1:18  Zergling x2  
  17  1:26  Zergling x2  
  17  1:30  Queen  
  20  1:37  Zergling x2  
  21  1:47  Zergling x2  
  21  1:53  Extractor  
  21  1:59  Drone  
  22  2:12  Queen  
  22  2:13  Overlord  
  22  2:15  Drone  
  25  2:22  Drone  
  26  2:31  Drone x2  
  27  2:50  Drone  
  27  2:51  Drone x4  
  30  3:06  Roach Warren  
  26  3:26  Zergling x6  
  29  3:29  Drone x5  
  34  3:35  Queen  
  34  3:39  Overlord  
  36  3:57  Evolution Chamber  
  36  4:02  Lair  
  35  4:06  Extractor  
  34  4:17  Drone  
  34  4:18  Drone x2  
  34  4:21  Extractor  
  34  4:22  Extractor  
  35  4:29  Drone x3  
  35  4:30  Drone  
  39  4:40  Hatchery  
  38  4:50  Drone x3  
  38  4:52  Drone x2  
  43  4:53  Overlord  
  43  5:04  Hydralisk Den  
  42  5:07  Overseer  
  42  5:15  Drone x3  
  42  5:17  Overlord  
  42  5:19  Roach x3  
  51  5:32  Overlord  
  51  5:33  Drone  
  52  5:40  Drone x5  
  52  5:41  Drone  
  58  5:47  Muscular Augments  
  58  5:49  Glial Reconstitution  
  58  6:04  Drone  
  59  6:10  Queen  
  61  6:13  Roach  
  61  6:14  Roach x5  
  61  6:15  Overlord x3  
  73  6:22  Overseer  
  73  6:25  Zerg Missile Weapons Level 1  
  73  6:33  Overlord  
  73  6:35  Roach x8  
  89  6:45  Spore Crawler  
  88  6:51  Hatchery  
  88  6:54  Roach x2  
  91  7:26  Hydralisk x7  
  91  7:28  Overlord  
  105  7:42  Grooved Spines  
  105  7:46  Queen  
  107  7:56  Overseer  
  107  8:10  Lurker Den  
  106  8:13  Hydralisk x4  
  106  8:14  Hydralisk x3  
  106  8:17  Overlord x2  
  120  8:45  Overlord x3  
  120  8:46  Extractor  
  119  8:52  Drone x2  
  119  8:53  Drone  
  108  9:11  Hydralisk  
  108  9:12  Hydralisk x11  
  121  9:18  Drone x2  
  121  9:24  Spore Crawler  
  116  9:27  Spore Crawler  
  103  9:34  Spore Crawler  
  103  9:38  Lurker x3  
  85  9:39  Spore Crawler  
  85  9:40  Hydralisk  
  85  9:43  Drone  
  85  9:44  Drone  
  82  9:54  Extractor  
  81  10:13  Hydralisk  
  81  10:14  Hydralisk x7  
  81  10:15  Hatchery  
  96  10:24  Hydralisk x2  
  100  10:32  Drone x3  
  100  10:34  Drone x3  
  106  10:47  Zerg Missile Weapons Level 2  
  106  10:50  Overseer  
  106  11:09  Spore Crawler  
  105  11:13  Hydralisk  
  105  11:14  Hydralisk x7  
  81  11:31  Hydralisk x5  
  69  12:15  Spore Crawler  
  68  12:17  Hydralisk  
  68  12:18  Hydralisk x11  
  68  12:19  Spore Crawler  
  91  12:29  Overseer  
  91  12:30  Overseer x2  
  91  12:31  Queen  
  93  12:41  Drone x2  
  93  12:42  Drone  
  96  13:03  Zerg Ground Armor Level 1  
  96  13:13  Hatchery  
  95  13:27  Hydralisk x2  
  95  13:28  Hydralisk x2  
  95  13:29  Overlord  
  95  13:30  Overlord x2  
  103  14:00  Pneumatized Carapace  
  103  14:10  Hydralisk x12  
  103  14:14  Overlord  
  127  14:36  Drone  
  128  14:38  Spore Crawler  
  128  14:40  Drone  
  128  14:43  Drone x6  
  128  14:44  Drone x5  
  139  14:46  Queen  
  106  15:15  Roach x14  
  106  15:16  Roach x2  
  106  15:17  Hydralisk  
  106  15:18  Hydralisk  
  142  15:39  Overlord x3  
  112  16:14  Hydralisk x6  
  112  16:15  Hydralisk x10  
  112  16:16  Hydralisk  
  112  16:17  Hatchery  
  111  16:31  Hydralisk x6  
  121  16:50  Spire  
  120  16:55  Overseer  
  120  17:01  Hydralisk x9  
  136  17:31  Roach x14  
  103  17:51  Roach x6  
  103  17:52  Roach x3  
  89  18:06  Mutalisk x4  
  74  18:23  Mutalisk x3  
  70  18:44  Hydralisk x2  
  40  19:04  Drone x3  
  40  19:05  Drone  
  40  19:06  Drone  
  40  19:37  Spawning Pool  
  37  19:40  Drone x3  
Tags
 
Add a new tag
Caveats
  • Supply blocks, unpowered buildings, or Contaminate may cause inaccurate times.
  • Supply counts are checked every 10 seconds.